 Dungeon Crawl Stone Soup version 0.23-a0-402-g64599a1 (webtiles) character file.

3712 RonnieColeman the Cleaver (level 9, -4/89 HPs)
             Began as a Minotaur Berserker on Nov 3, 2018.
             Was an Elder of Trog.
             Slain by a porcupine (11 damage)
             ... on level 8 of the Dungeon.
             The game lasted 00:16:24 (5767 turns).

RonnieColeman the Cleaver (Minotaur Berserker)      Turns: 5767, Time: 00:16:25

Health: -4/89      AC:  4    Str: 23    XL:     9   Next: 91%
Magic:  8/8        EV: 15    Int:  8    God:    Trog [****..]
Gold:   319        SH:  0    Dex: 12    Spells: 8/8 levels left

rFire    x . .     SeeInvis .   F - +0 whip (elec)
rCold    + . .     Gourm    .   (no shield)
rNeg     . . .     Faith    .   p - +0 troll leather armour {Purgy}
rPois    .         Spirit   .   (helmet restricted)
rElec    .         Reflect  .   (no cloak)
rCorr    .         Harm     .   (no gloves)
MR       ++...                  (no boots)
Stlth    +.........             (no amulet)
HPRegen  1.64/turn              D - ring of ice
MPRegen  0.11/turn              y - +4 ring of intelligence

@: berserk cooldown, starving, regenerating, slowed, very slow
A: retaliatory headbutt, horns 2
a: Berserk, Trog's Hand, Brothers in Arms, Renounce Religion


You were on level 8 of the Dungeon.
You worshipped Trog.
Trog was greatly pleased with you.
You were starving.

You visited 2 branches of the dungeon, and saw 9 of its levels.

You collected 319 gold pieces.

Inventory:

Hand Weapons
 a - a +0 hand axe
 n - a +2 vampiric hand axe
 t - the +0 quarterstaff of Trial by Ordeal {speed, *Drain Int+5}
   (You found it on level 5 of the Dungeon)

   Attacks with this weapon are significantly faster.
   It affects your intelligence (+5).
   It causes draining when unequipped.
 F - a +0 whip of electrocution (weapon)
Armour
 b - a +0 animal skin
 m - a +1 scale mail
 p - a +0 troll leather armour (worn) {Purgy}
Jewellery
 k - an uncursed ring of flight
 y - a +4 ring of intelligence (right hand)
 D - a ring of ice (left hand)
Wands
 w - a wand of disintegration (8)
 E - a wand of enslavement (7)
Scrolls
 f - 2 scrolls of amnesia
 h - 8 scrolls of identify
 j - a scroll of remove curse
 r - 3 scrolls of enchant weapon {unknown}
 s - 2 scrolls of enchant armour
 v - a scroll of fear
 A - a scroll of fog {unknown}
 B - 3 scrolls of teleportation {unknown}
 C - a scroll of immolation {unknown}
 G - a scroll of random uselessness {unknown}
Potions
 d - 3 potions of agility {unknown}
 e - 3 potions of mutation
 g - a potion of resistance {unknown}
 i - 2 potions of curing {unknown}
 l - a potion of brilliance {unknown}
 o - 2 potions of lignification {unknown}
 q - a potion of might {unknown}
 u - 3 potions of heal wounds {unknown}
 x - a potion of haste {unknown}
 z - 3 potions of invisibility {unknown}
Comestibles
 c - 22 rations


   Skills:
 * Level 11.2 Fighting
 * Level 11.2 Axes
 - Level 2.4 Armour
 + Level 7.2 Dodging


You had 8 spell levels left.
You didn't know any spells.
Your spell library was empty.

Dungeon Overview and Level Annotations

Branches:
Dungeon (8/15)             Temple (1/1) D:7            Lair (0/6) D:8

Altars:
Ashenzari
Cheibriados
Dithmenos
Elyvilon
Fedhas
Gozag
Hepliaklqana
Kikubaaqudgha
Makhleb
Nemelex Xobeh
Okawaru
Qazlal
Ru
Sif Muna
Trog
Uskayaw
Vehumet
Wu Jian
Xom
Yredelemnul
Zin
The Shining One


Innate Abilities, Weirdness & Mutations

You reflexively headbutt those who attack you in melee.
You have a pair of horns on your head.


Message History

The hound moves out of view.
The hound barks!
The porcupine closely misses you. The porcupine misses you.
Okay, then.
Your skin crawls.
You feel resistant to hostile enchantments.
You are starving!
The porcupine bites you.
* * * LOW HITPOINT WARNING * * *
The porcupine barely misses you.
You closely miss the hound. The hound misses you.
The porcupine closely misses you. The hound bites you.
* * * LOW HITPOINT WARNING * * *
You closely miss the hound. Your headbutt misses the hound.
The hound misses you. The porcupine bites you!
* * * LOW HITPOINT WARNING * * *
You hit the hound but do no damage. The hound closely misses you.
The porcupine bites you!
You die...

#..........P.
#########..†.P..(P. #
........#..††...... ### #.
##...........P... #.. ..
#..$....###......
##.#####.#.##.......#
######
#...<....#......#.###
#....########r###.#######
#...........@h...........
#..##########.#..........
#..# #.....#........(.
#..# #.....#..h.......
#..# #.....#..........
#..# #................
#..# #................
#..# #................
##..########..............


You could see a porcupine and a hound.

Vanquished Creatures
  Pikel (D:6)
  A hippogriff (D:7)
  Grinder (D:5)
  A shadow (D:7)
  A spriggan (D:7)
  2 basilisks (D:8)
  3 porcupines (D:8)
  2 ice beasts
  Purgy (D:3)
  2 slaves (D:6)
  3 black bears (D:8)
  4 ogres
  3 bullfrogs
  4 scorpions
  A bullfrog zombie (D:8)
  3 hounds
  4 orc wizards
  3 bullfrog skeletons
  An orc priest (D:5)
  A centaur skeleton (D:4)
  2 iguanas
  Natasha (thrice) (D:4)
  A worker ant (D:5)
  A hound skeleton (D:7)
  A mummy (D:5)
  4 gnolls (D:3)
  5 adders
  A shadow imp (D:7)
  3 oozes
  An adder zombie (D:6)
  An adder skeleton (D:6)
  3 worms (D:2)
  3 dart slugs
  A leopard gecko (D:1)
  16 orcs
  2 ball pythons
  17 bats
  8 giant cockroaches
  6 goblins
  2 hobgoblins
  9 jackals
  3 quokkas
  4 frilled lizards
  8 kobolds
  2 quokka skeletons
  7 rats
156 creatures vanquished.

Notes
Turn   | Place    | Note
-------+----------+-------------------------------------------
     0 | D:1      | RonnieColeman the Minotaur Berserker began the quest for
                  | the Orb.
     0 | D:1      | Reached XP level 1. HP: 19/19 MP: 0/0
   101 | D:1      | Reached XP level 2. HP: 20/27 MP: 1/1
   306 | D:1      | Reached XP level 3. HP: 9/33 MP: 2/2
   616 | D:1      | Reached ** piety under Trog
  1034 | D:2      | Reached XP level 4. HP: 34/41 MP: 3/3
  1307 | D:3      | Reached skill level 5 in Axes
  1315 | D:3      | Reached skill level 5 in Fighting
  1439 | D:3      | You fall through a shaft for 2 floors!
  1439 | D:5      | Entered Level 5 of the Dungeon
  1473 | D:5      | Got a jewelled quarterstaff
  1474 | D:5      | Identified the cursed +0 quarterstaff of Trial by Ordeal
                  | {speed, *Drain Int+5} (You found it on level 5 of the
                  | Dungeon)
  1486 | D:4      | Reached XP level 5. HP: 48/48 MP: 4/4
  1513 | D:4      | Found a sacrificial altar of Ru.
  1514 | D:4      | Found a hide-covered altar of Uskayaw.
  1515 | D:4      | Found a shadowy altar of Dithmenos.
  1515 | D:4      | Found a bloodstained altar of Trog.
  1516 | D:4      | Found a glowing golden altar of the Shining One.
  1527 | D:4      | Found a blossoming altar of Fedhas.
  1942 | D:4      | Reached *** piety under Trog
  2062 | D:3      | Reached XP level 6. HP: 12/57 MP: 5/5
  2373 | D:3      | Found a hazy altar of Hepliaklqana.
  2443 | D:3      | Noticed Purgy
  2453 | D:3      | Killed Purgy
  2583 | D:3      | Found a faded altar of an unknown god.
  2647 | D:3      | Found a white marble altar of Elyvilon.
  3108 | D:4      | Found an opulent altar of Gozag.
  3108 | D:4      | Found a glowing silver altar of Zin.
  3131 | D:4      | Noticed Natasha
  3136 | D:4      | Killed Natasha
  3264 | D:4      | Noticed Natasha
  3273 | D:4      | Killed Natasha
  3528 | D:4      | Noticed Natasha
  3538 | D:4      | Killed Natasha
  3593 | D:5      | Reached XP level 7. HP: 41/64 MP: 6/6
  3646 | D:5      | Noticed Grinder
  3651 | D:5      | Paralysed by Grinder for 3 turns
  3657 | D:5      | Killed Grinder
  4140 | D:5      | Reached XP level 8. HP: 74/74 MP: 7/7
  4236 | D:5      | Found a burning altar of Makhleb.
  4315 | D:5      | Found a snail-covered altar of Cheibriados.
  4488 | D:6      | Reached skill level 5 in Dodging
  4543 | D:6      | Noticed Pikel
  4568 | D:6      | Killed Pikel
  4596 | D:6      | Upgraded the game from 0.23-a0-398-g8eab93f to
                  | 0.23-a0-402-g64599a1
  4698 | D:7      | Found a staircase to the Ecumenical Temple.
  4717 | D:7      | Reached **** piety under Trog
  4960 | D:7      | Found a deep blue altar of Sif Muna.
  5061 | D:7      | Reached XP level 9. HP: 66/85 MP: 8/8
  5075 | Temple   | Entered the Ecumenical Temple
  5323 | D:7      | Reached skill level 10 in Fighting
  5323 | D:7      | Reached skill level 10 in Axes
  5417 | D:7      | Found a shimmering altar of Xom.
  5725 | D:8      | Found a staircase to the Lair.
  5767 | D:8      | Slain by a porcupine

Vault maps used:
D:1:      saegor_arrival_simple_e
D:3:      lemuel_doored_altar, chequers_ecumenical_altar_simple, first_ration,
          elyvilon_altar_5, uniq_purgy
D:4:      grunt_temple_overflow_gold_and_silver, fedhas_altar_2,
          grunt_temple_overflow_open, st_stairs_3, uniq_natasha
D:5:      slow_altar_2, bloody_makhleb, uniq_grinder
D:6:      minmay_misc_feat_tiny, vehumet_altar_wand_db, uniq_duvessa, uniq_pikel
D:7:      tgw_xom, led_sif_pool, minmay_temple_entry_glass, grunt_decor_cap,
          the_bakery
D:8:      minmay_lair_entry_grove, serial_shops, nicolae_shop_behind_doors
Temple:   jpeg_temple_island

Skill      XL: |  1  2  3  4  5  6  7  8  9 |
---------------+----------------------------+-----
Axes           | 4 5 6 8 9 11 | 11.2
Fighting       | 4 5 6 8 9 11 | 11.2
Dodging        | 3 4 6 7 |  7.2
Armour         | |  2.4

Action                   |  1- 3 |  4- 6 |  7- 9 || total
-------------------------+-------+-------+-------++-------
Melee: Hand axe          |    90 |   108 |    74 ||   272
       Headbutt          |     7 |    19 |    39 ||    65
       Quarterstaff      |       |    21 |       ||    21
       Whip              |       |       |   100 ||   100
Invok: Berserk           |     2 |     3 |     4 ||     9
       Trog's Hand       |       |       |     1 ||     1
  Use: Scroll            |       |     8 |       ||     8
  Eat: Chunk             |     2 |    11 |     9 ||    22
Armor: Animal skin       |    20 |       |       ||    20
       Scale mail        |     1 |    27 |       ||    28
       Troll leather arm |       |     4 |    24 ||    28
Dodge: Dodged            |    82 |    76 |   118 ||   276

Table legend:
 A = Non-vault XP
 B = Vault XP
 C = Vault XP percentage of total XP
 D = Non-vault monster count
 E = Vault monster count
 F = Vault count percentage of total count
                 A         B        C        D         E       F
            +---------+---------+-------+---------+---------+-------
      Total |    2819 |    2485 |  46.9 |     134 |      20 |  13.0
            +---------+---------+-------+---------+---------+-------
        D:1 |      71 |       0 |   0.0 |      35 |       0 |   0.0
        D:2 |      63 |       0 |   0.0 |      24 |       0 |   0.0
        D:3 |     106 |     128 |  54.7 |      16 |       1 |   5.9
        D:4 |     240 |      78 |  24.5 |      15 |       2 |  11.8
        D:5 |     524 |     270 |  34.0 |      14 |       2 |  12.5
        D:6 |     268 |     593 |  68.9 |       6 |       1 |  14.3
        D:7 |    1368 |     215 |  13.6 |      21 |       6 |  22.2
        D:8 |     179 |    1201 |  87.0 |       3 |       8 |  72.7
            +---------+---------+-------+---------+---------+-------
